 Dungeon Crawl Stone Soup version 0.25-a0-949-gdd2af9e06e (webtiles) character file.

Game seed: 13248716709377060499, levelgen mode: deterministic

8095 MisterFreud the Severer (level 11, 0/95 HPs)
             Began as a Minotaur Abyssal Knight on May 8, 2020.
             Was a High Priest of Lugonu.
             Slain by an unseen horror (3 damage)
             ... on level 10 of the Dungeon.
             The game lasted 00:16:18 (11536 turns).

MisterFreud the Severer (Minotaur Abyssal Knight)  Turns: 11536, Time: 00:16:19

Health: 0/95       AC: 11    Str: 20    XL:     11   Next: 5%
Magic:  15/15      EV:  8    Int:  9    God:    Lugonu [*****.]
Gold:   344        SH:  0    Dex: 10    Spells: 10/10 levels left

rFire    . . .     SeeInvis .   z - +8 frozen axe "Frostbite" {freezing cloud, *Noise +Fly rC+}
rCold    + + .     Gourm    .   (shield currently unavailable)
rNeg     . . .     Faith    .   p - +0 chain mail
rPois    .         Spirit   .   (helmet restricted)
rElec    .         Reflect  .   (no cloak)
rCorr    .         Harm     .   l - +0 pair of gloves
MR       .....                  (no boots)
Stlth    ..........             (no amulet)
HPRegen  0.25/turn              r - ring of protection from cold
MPRegen  0.14/turn              (no ring)

@: very slightly contaminated, slowed, very slow
A: retaliatory headbutt, horns 2
a: Depart the Abyss, Bend Space, Banish, Corrupt, Enter the Abyss, Renounce
Religion, Evoke Flight


You were on level 10 of the Dungeon.
You worshipped Lugonu.
Lugonu was extremely pleased with you.
You were not hungry.

You visited 1 branch of the dungeon, and saw 10 of its levels.
You visited the Abyss 1 time.
You also visited: Sewer.

You collected 438 gold pieces.
You spent 94 gold pieces at shops.

Inventory:

Hand Weapons
 z - the +8 frozen axe "Frostbite" (weapon) {freezing cloud, *Noise +Fly rC+}
   (You found it on level 4 of the Dungeon)

   It has been specially enchanted to freeze those struck by it, causing extra
   injury to most foes and up to half again as much damage against particularly
   susceptible opponents.
   It can also slow down cold-blooded creatures.
   It protects you from cold.
   It lets you fly.
   It may make noises in combat.
Missiles
 j - 3 datura-tipped darts (quivered)
 m - 2 throwing nets
 t - a boomerang of dispersal
 y - 28 poisoned darts
 K - 27 boomerangs
Armour
 b - a +0 leather armour
 l - a +0 pair of gloves (worn)
 p - a +0 chain mail (worn)
Jewellery
 r - a ring of protection from cold (left hand)
 F - an uncursed ring of flight
 R - an uncursed ring of resist corrosion {unknown}
Wands
 x - a wand of acid (10)
 A - a wand of flame (21)
 G - a wand of digging (4)
 I - a wand of iceblast (13)
 L - a wand of polymorph (1)
 N - a wand of paralysis (9)
Scrolls
 d - 8 scrolls of remove curse
 h - 6 scrolls of teleportation
 k - 6 scrolls of identify
 n - 2 scrolls of random uselessness
 B - 5 scrolls of magic mapping
 E - a scroll of blinking
 H - 2 scrolls of amnesia
 J - a scroll of fear
 M - a scroll of immolation {unknown}
 Q - a scroll of noise {unknown}
Potions
 a - 2 potions of lignification
 e - 7 potions of brilliance
 f - 4 potions of stabbing {unknown}
 g - 3 potions of mutation {unknown}
 i - 2 potions of haste {unknown}
 o - 5 potions of curing
 q - 3 potions of heal wounds {unknown}
 s - 2 potions of degeneration
 u - a potion of ambrosia {unknown}
 v - 2 potions of flight {unknown}
 w - 3 potions of invisibility {unknown}
 C - 2 potions of magic {unknown}
 D - 2 potions of might {unknown}
 P - a potion of cancellation {unknown}
Comestibles
 c - 24 rations
 O - a chunk of flesh


   Skills:
 - Level 8.5 Fighting
   Level 2.4 Long Blades
 - Level 15.0 Axes
 - Level 6.0 Armour
 - Level 1.1 Dodging
   Level 4.0 Shields
 + Level 6.7 Invocations


You had 10 spell levels left.
You didn't know any spells.
Your spell library contained the following spells:

 Spells                   Type           Power        Failure   Level  Hunger
 Poisonous Vapours        Pois/Air       #.....       99%         2    ###....
 Conjure Flame            Conj/Fire      #.......     100%        3    ####...
 Mephitic Cloud           Conj/Pois/Air  #.......     100%        3    ####...
 Freezing Cloud           Conj/Ice/Air   #.........   100%        6    #######
 Ring of Flames           Chrm/Fire      #.........   100%        7    #######


Dungeon Overview and Level Annotations

Branches:
Dungeon (10/15)            Temple (0/1) D:7           Sewer (visited)
   Lair: D:8-11         Orc: D:9-12

Altars:
Cheibriados
Dithmenos
Nemelex Xobeh
Ru
Sif Muna
Trog
Vehumet
Xom
Yredelemnul
Zin

Shops:
D:8 =*[

Annotations:
D:9 1 runed translucent door, Flugslaktarn's ghost, journeyman MiFi
D:10 2 runed translucent doors, MisterFreud's ghost, amateur FoAK


Innate Abilities, Weirdness & Mutations

You reflexively headbutt those who attack you in melee.
You have a pair of horns on your head.


Message History

Okay, then.
Something hits you.
* * * LOW HITPOINT WARNING * * *
Something hits you.
* * * LOW HITPOINT WARNING * * *
The freezing wraith hits you but does no damage.
The freezing wraith hits you.
* * * LOW HITPOINT WARNING * * *
The freezing wraith drains your vigour!
You feel as though you will be slow longer.
Blink to where?
Press: ? - help, Dir - move target cursor, p - cyclops You are very lightly contaminated with residual magic.
As you read the scroll of blinking, it crumbles to dust.
Something hits you.
* * * LOW HITPOINT WARNING * * *
Something hits you but does no damage. Something hits you.
* * * LOW HITPOINT WARNING * * *
Something hits you.
You die...

#.....#... #.#
#.....##C############.####
#.......(...C.............
#.......#####.............
#.......# #.............
#.......# #{............
##.......# #..######>....
.........#####ยง.# #.....
..........@{W...# #.....
.#######........# #.....
#........# #.....
########## ######


You could see a freezing wraith.

Vanquished Creatures
  A two-headed ogre (D:10)
  Pikel (D:8)
  Maggie (D:6)
  Psyche (D:8)
  A hippogriff (D:9)
  Prince Ribbit (D:4)
  Menkaure (D:4)
  A water moccasin (D:6)
  6 orc warriors
  4 ice beasts
  2 sky beasts (D:5)
  3 phantoms
  11 ogres
  2 necrophages
  2 centaurs
  3 big kobolds
  7 bullfrogs
  6 scorpions
  5 killer bees (D:8)
  4 wights (D:9)
  4 howler monkeys
  4 crimson imps (D:4)
  3 bullfrog zombies
  A quasit (D:8)
  4 hounds
  A centaur zombie (D:6)
  5 orc priests
  3 jellies (D:9)
  8 orc wizards
  2 bullfrog skeletons
  4 gnoll shamans (D:8)
  3 worker ants
  An iguana (D:6)
  2 hound skeletons
  A worker ant zombie (D:7)
  Robin (D:2)
  14 adders
  20 gnolls
  3 river rats (Sewer)
  2 shadow imps
  8 oozes
  An adder skeleton (D:4)
  4 worms
  A dart slug (D:1)
  3 leopard geckos
  38 orcs
  6 giant cockroaches
  14 goblins
  6 hobgoblins
  8 jackals
  23 kobolds
  4 quokkas
  2 ball pythons
  8 bats
  4 frilled lizards
  A jackal skeleton (D:6)
  2 leopard gecko skeletons (D:5)
  8 rats
290 creatures vanquished.

Vanquished Creatures (others)
  5 fungi (D:8)
5 creatures vanquished.

Grand Total: 295 creatures vanquished

Notes
Turn   | Place    | Note
-------+----------+-------------------------------------------
     0 | Abyss:1  | MisterFreud the Minotaur Abyssal Knight began the quest for
                  | the Orb.
     0 | Abyss:1  | Reached XP level 1. HP: 19/19 MP: 1/1
    29 | D:1      | Escaped the Abyss
   274 | D:1      | Reached XP level 2. HP: 18/28 MP: 2/2
  1211 | D:2      | Reached skill level 5 in Fighting
  1211 | D:2      | Reached XP level 3. HP: 32/36 MP: 3/3
  1334 | D:2      | Reached ** piety under Lugonu
  1659 | D:2      | Noticed Robin
  1663 | D:2      | Reached skill level 1 in Shields
  1926 | D:2      | Reached XP level 4. HP: 40/44 MP: 4/4
  1931 | D:2      | Killed Robin
  2156 | D:2      | Found a sparkling altar of Nemelex Xobeh.
  2857 | D:3      | Reached XP level 5. HP: 41/50 MP: 5/5
  3527 | D:3      | Reached *** piety under Lugonu
  3992 | D:4      | Noticed Menkaure
  3999 | D:4      | Killed Menkaure
  3999 | D:4      | Reached XP level 6. HP: 39/60 MP: 6/6
  4121 | D:4      | You fall into a shaft and drop 1 floor!
  4121 | D:5      | Entered Level 5 of the Dungeon
  4147 | D:5      | Found a glowing silver altar of Zin.
  4287 | D:5      | Noticed a sky beast
  4300 | D:5      | Killed a sky beast
  4394 | D:5      | Noticed a sky beast
  4395 | D:5      | Noticed Prince Ribbit
  4411 | D:5      | Reached XP level 7. HP: 27/69 MP: 7/7
  4768 | D:4      | Found the +8 frozen axe "Frostbite" {freezing cloud, *Noise
                  | +Fly rC+}
  4797 | D:4      | Reached skill level 1 in Axes
  4808 | D:4      | Reached skill level 2 in Axes
  5179 | D:4      | Found a shimmering altar of Xom.
  5181 | D:4      | Reached skill level 3 in Axes
  5221 | D:4      | Reached skill level 4 in Axes
  5314 | D:4      | Killed Prince Ribbit
  5314 | D:4      | Reached skill level 5 in Axes
  5314 | D:4      | Reached XP level 8. HP: 59/75 MP: 8/8
  5444 | D:5      | Reached skill level 5 in Armour
  5561 | D:5      | Reached skill level 6 in Axes
  5711 | D:5      | Reached skill level 7 in Axes
  5817 | D:5      | Reached **** piety under Lugonu
  5904 | D:5      | Reached skill level 8 in Axes
  6161 | D:6      | Reached skill level 9 in Axes
  6198 | D:6      | Reached XP level 9. HP: 34/82 MP: 9/9
  6215 | D:6      | Found a glowing drain.
  6240 | Sewer    | Entered a sewer
  6870 | D:6      | Reached skill level 10 in Axes
  6871 | D:6      | Noticed Maggie
  6880 | D:6      | Killed Maggie
  7008 | D:6      | Found a radiant altar of Vehumet.
  7155 | D:6      | Reached skill level 11 in Axes
  7497 | D:7      | Found a staircase to the Ecumenical Temple.
  7664 | D:7      | Reached ***** piety under Lugonu
  7665 | D:7      | Found a bloodstained altar of Trog.
  7981 | D:7      | Found a snail-covered altar of Cheibriados.
  8103 | D:8      | Found Lailafi's Armour Shoppe.
  8132 | D:8      | Reached skill level 12 in Axes
  8200 | D:8      | Found a sacrificial altar of Ru.
  8354 | D:8      | Noticed Psyche
  8360 | D:8      | Killed Psyche
  8360 | D:8      | Reached skill level 13 in Axes
  8360 | D:8      | Reached XP level 10. HP: 61/90 MP: 10/10
  8500 | D:8      | Found Goyc's Jewellery Emporium.
  8658 | D:8      | Reached skill level 14 in Axes
  9541 | D:8      | Found Uczime's Assorted Antiques.
  9544 | D:8      | Bought a bubbling coppery potion for 30 gold pieces
  9544 | D:8      | Bought a blue potion for 30 gold pieces
  9544 | D:8      | Bought a scroll labeled TOORUC PAZ EWO for 34 gold pieces
  9586 | D:8      | Noticed Pikel
  9598 | D:8      | Killed Pikel
  9893 | D:9      | Reached skill level 15 in Axes
 10204 | D:9      | Found a basalt altar of Yredelemnul.
 10221 | D:9      | Found a shadowy altar of Dithmenos.
 10365 | D:9      | Found a runed translucent door.
 10365 | D:9      | Noticed Flugslaktarn's ghost (journeyman MiFi)
 10461 | D:9      | Reached skill level 5 in Invocations
 10720 | D:9      | Found a shimmering blue altar of Sif Muna.
 10842 | D:10     | Entered Level 10 of the Dungeon
 11051 | D:10     | Noticed a two-headed ogre
 11057 | D:10     | Killed a two-headed ogre
 11057 | D:10     | Reached XP level 11. HP: 59/95 MP: 14/14
 11377 | D:10     | Found a large runed translucent door.
 11377 | D:10     | Found a large runed translucent door.
 11381 | D:10     | Noticed MisterFreud's ghost (amateur FoAK)
 11536 | D:10     | HP: 3/95 [something (3)]
 11536 | D:10     | Slain by an unseen horror

Levels and vault maps discovered:
D:1:      minmay_arrival_glassed_features, layout_basic,
          minmay_misc_feat_columns
D:2:      layout_loops_ring, nemelex_xobeh_ov_fountains_minmay, uniq_robin
D:3:      layout_loops_corners, first_ration
D:4:      layout_rooms, led_xom_imps, uniq_menkaure
D:5:      layout_gridville, zin_treasury, enter_ossuary_1, uniq_prince_ribbit1
D:6:      layout_gridville, vehumet_altar_wand_db, cheibrodos_sewer_entry_bend,
          uniq_maggie
D:7:      layout_rooms, nicolae_overflow_hidden_temple, bloody_trog,
          minmay_temple_entry_tees
D:8:      kennysheep_seaside_town, layout_loops_ring,
          nicolae_ru_sacrificial_ziggurat, serial_shops, shop,
          kennysheep_mini_moat, shop, uniq_psyche, uniq_pikel
D:9:      layout_roguey, nicolae_overflow_crystal_walls, kennysheep_mini,
          tgw_sif, ebering_ghost_reflecting_pool, hangedman_little_slice_of_home
D:10:     minmay_sliced_demisemicircle, layout_irregular_city,
          ebering_ghost_disaster_area

Skill      XL: |  1  2  3  4  5  6  7  8  9 10 |
---------------+-------------------------------+-----
Fighting       | 4 5 6 7 8 |  8.5
Shields        | 1 3 4 |  4.0
Axes           | 5 9 13 15 | 15.0
Armour         | 4 6 |  6.0
Invocations    | 6 |  6.7
Long Blades    | |  2.4
Dodging        | |  1.1

Action                   |  1- 3 |  4- 6 |  7- 9 | 10-12 || total
-------------------------+-------+-------+-------+-------++-------
Melee: Falchion          |    60 |   162 |    12 |       ||   234
       Headbutt          |    10 |    24 |    25 |    19 ||    78
       Executioner's axe |       |       |   225 |   155 ||   380
       Unarmed           |       |       |       |     5 ||     5
Evoke: Wand              |       |       |       |    11 ||    11
  Use: Scroll            |       |     5 |     3 |     4 ||    12
  Eat: Chunk             |     3 |     8 |    13 |     7 ||    31
       Ration            |       |       |       |     1 ||     1
Armor: Leather armour    |    14 |    17 |       |       ||    31
       Chain mail        |       |    65 |   181 |    78 ||   324
       Skin              |       |       |       |     7 ||     7
Dodge: Dodged            |    49 |    61 |   133 |    85 ||   328
Block: Buckler           |     4 |    32 |     7 |       ||    43
       Rpst.: Falchion   |    12 |    13 |     3 |       ||    28

Table legend:
 A = Non-vault XP
 B = Vault XP
 C = Vault XP percentage of total XP
 D = Non-vault monster count
 E = Vault monster count
 F = Vault count percentage of total count
                 A         B        C        D         E       F
            +---------+---------+-------+---------+---------+-------
      Total |    7434 |    4131 |  35.7 |     216 |      74 |  25.5
            +---------+---------+-------+---------+---------+-------
        D:1 |      32 |       0 |   0.0 |      18 |       0 |   0.0
        D:2 |     106 |      30 |  22.1 |      21 |       9 |  30.0
        D:3 |     144 |       2 |   1.4 |      31 |       1 |   3.1
        D:4 |     277 |     623 |  69.2 |      11 |       6 |  35.3
        D:5 |    1128 |       0 |   0.0 |      28 |       0 |   0.0
        D:6 |     695 |     425 |  37.9 |      15 |       3 |  16.7
        D:7 |     530 |       0 |   0.0 |      15 |       0 |   0.0
        D:8 |    1251 |    2568 |  67.2 |      24 |      28 |  53.8
        D:9 |    1586 |     191 |  10.7 |      34 |       9 |  20.9
       D:10 |    1685 |       0 |   0.0 |      19 |       0 |   0.0
      Sewer |       0 |     292 | 100.0 |       0 |      18 | 100.0
            +---------+---------+-------+---------+---------+-------
